AoeStats
← Adavi306

Black Forest

510287384Analyzed
4v4 RM · 1d ago on Sep 30, 2026· 50m 39s· 8 players
Game mode
Random Map
Map size
Large (8 player)
Population
200
Speed
Normal
Resources
Standard
Victory
Conquest
Starting age
Dark Age
Ending age
Imperial Age
RankedLock teamsTeams togetherTeam positionsShared explorationLock speedFull tech treeHidden civsTurbo modeCheats
Victory
Defeat
🇮🇱 Persians · Israel
1212
+15
🇨🇳 Portuguese · China
1209
+15
🇹🇷 Dravidians · Türkiye
1190
+16
🇨🇳 Spanish · China
1151
+19
🇦🇺 Franks · Australia
1211
-17
🇦🇺 Persians · Australia
1203
-17
🇦🇺 Portuguese · Australia
1198
-16
🇦🇺 Danes · Australia
1165
-15
fcureklibatur
6:05 Loom
11:02 Feudal Age
15:18 Castle Age
13:39 Double-Bit Axe
16:46 Bow Saw
16:59 Horse Collar
17:55 Stone Mining
18:07 Heavy Plow
18:37 Fishing Lines
19:49 Gillnets
24:33 Wheelbarrow
23:50 Gold Mining
28:44 Imperial Age
26:56 Ballistics
26:27 Fletching
27:15 Padded Archer Armor
28:04 Bodkin Arrow
29:03 Hand Cart
29:07 Leather Archer Armor
29:25 Bracer
31:02 Chemistry
30:26 Conscription
30:18 Thumb Ring
31:16 Ring Archer Armor
32:16 Two-Man Saw
33:19 Two-Man Saw
31:42 Elite Elephant Archer
33:50 Medical Corps
34:22 Hoardings
Mike
7:25 Loom
12:03 Feudal Age
15:29 Castle Age
13:39 Double-Bit Axe
16:54 Bow Saw
17:42 Horse Collar
20:38 Heavy Plow
22:00 Fishing Lines
22:27 Gillnets
23:14 Wheelbarrow
25:53 Hand Cart
27:34 Gold Mining
27:34 Stone Mining
30:30 Imperial Age
29:11 Scale Barding Armor
29:16 Forging
29:29 Ballistics
29:00 Fletching
29:11 Padded Archer Armor
30:20 Gold Shaft Mining
30:20 Stone Shaft Mining
30:08 Chain Barding Armor
30:01 Bloodlines
29:51 Husbandry
29:13 Light Cavalry
30:21 Cavalier
31:37 Plate Barding Armor
31:38 Iron Casting
30:54 Fletching
31:20 Leather Archer Armor
32:54 Chemistry
31:55 Scale Mail Armor
32:57 Kamandaran
32:19 Elite War Elephant
33:20 Conscription
34:54 Blast Furnace
33:50 Bodkin Arrow
34:25 Ring Archer Armor
34:57 Caravan
35:33 Devotion
37:13 Coinage
36:13 Elite War Elephant
37:05 Citadels
45:14 Faith
relax
11:12 Feudal Age
10:52 Loom
12:17 Double-Bit Axe
14:54 Castle Age
16:58 Wheelbarrow
20:50 Horse Collar
23:03 Bow Saw
24:09 Heavy Plow
24:38 Gold Mining
29:18 Imperial Age
27:32 Town Watch
28:03 Hand Cart
27:42 Stone Mining
27:54 Elite Skirmisher
28:40 Thumb Ring
28:00 Pikeman
28:51 Scale Mail Armor
28:45 Fletching
30:01 Chain Mail Armor
29:32 Treadmill Crane
29:58 Fletching
30:08 Padded Archer Armor
30:19 Halberdier
32:09 Chemistry
31:35 Arson
32:20 Conscription
32:33 Siege Engineers
33:53 Bodkin Arrow
36:57 Two-Man Saw
36:29 Crop Rotation
36:34 Bracer
36:49 Leather Archer Armor
37:06 Plate Mail Armor
37:36 Forging
38:24 Fortified Wall
38:37 Ballistics
38:30 Masonry
38:16 Murder Holes
40:53 Iron Casting
40:49 Ring Archer Armor
41:12 Arquebus
41:49 Man-at-Arms
42:15 Gambesons
43:35 Blast Furnace
42:42 Scale Barding Armor
43:02 Circumnavigation
42:22 Elite Organ Gun
43:38 Architecture
42:46 Long Swordsman
44:50 Bombard Tower
44:53 Chain Barding Armor
45:36 Stone Shaft Mining
44:50 Two-Handed Swordsman
46:15 Plate Barding Armor
45:49 Town Patrol
46:38 Bloodlines
45:48 Cavalier
46:28 Husbandry
47:29 Champion
47:43 Onager
49:22 Crossbowman
49:40 Sappers
MEMS
0:27 Loom
12:34 Feudal Age
16:50 Castle Age
15:27 Horse Collar
15:33 Double-Bit Axe
16:19 Stone Mining
16:20 Gold Mining
18:50 Wheelbarrow
24:43 Fortified Wall
31:45 Imperial Age
30:11 Fervor
30:05 Atonement
31:04 Stone Shaft Mining
30:40 Bow Saw
30:47 Hand Cart
30:18 Town Watch
30:56 Caravan
31:54 Ballistics
32:09 Town Watch
32:15 Fletching
33:38 Chemistry
33:14 Conscription
33:50 Guilds
34:53 Bombard Tower
36:30 Supremacy
36:09 Bodkin Arrow
36:19 Town Patrol
37:04 Bracer
40:20 Forging
39:59 Elite Conquistador
41:16 Hoardings
40:40 Murder Holes
40:37 Guard Tower
42:02 Inquisition
44:00 Scale Mail Armor
44:35 Iron Casting
44:01 Padded Archer Armor
44:38 Pikeman
45:05 Arson
45:20 Squires
46:06 Gambesons
50:14 Halberdier
51:11 Chain Mail Armor
Torg
11:41 Feudal Age
12:52 Double-Bit Axe
15:32 Castle Age
13:27 Double-Bit Axe
16:19 Bow Saw
20:48 Horse Collar
22:43 Fishing Lines
23:39 Heavy Plow
24:37 Gold Mining
24:38 Stone Mining
24:42 Gillnets
25:56 Wheelbarrow
28:12 Imperial Age
27:25 Gold Shaft Mining
27:26 Stone Shaft Mining
27:14 Hand Cart
28:12 Masonry
28:27 Loom
28:28 Town Watch
29:56 Chemistry
29:27 Architecture
28:53 Murder Holes
29:46 Crop Rotation
30:18 Two-Man Saw
29:04 Onager
30:00 Town Patrol
30:27 Scale Barding Armor
30:35 Forging
31:33 Ballistics
31:43 Chain Barding Armor
31:36 Guilds
31:57 Coinage
32:36 Husbandry
31:57 Cavalier
32:11 Cavalier
33:07 Bloodlines
33:16 Savar
34:58 Iron Casting
35:45 Plate Barding Armor
35:42 Conscription
38:02 Blast Furnace
39:04 Citadels
38:58 Fletching
44:56 Light Cavalry
45:47 Hussar
46:49 Bodkin Arrow
47:36 Padded Archer Armor
47:38 Kamandaran
48:42 Banking
murrayj
1:07 Loom
10:44 Feudal Age
14:33 Castle Age
12:33 Double-Bit Axe
14:40 Horse Collar
15:11 Stone Mining
21:21 Scale Mail Armor
23:27 Forging
24:42 Wheelbarrow
25:46 Iron Casting
27:37 Hand Cart
27:18 Fletching
27:22 Town Watch
27:35 Fishing Lines
28:49 Bow Saw
28:43 Gillnets
29:11 Gold Mining
30:09 Town Patrol
30:50 Heavy Plow
34:44 Imperial Age
32:45 Hamask
33:23 Bodkin Arrow
34:07 Gold Shaft Mining
34:28 Masonry
36:04 Onager
37:08 Conscription
36:09 Northmen's Fury
38:01 Siege Engineers
37:23 Siege Onager
39:25 Chemistry
37:53 Elite Jomsviking
39:40 Chain Mail Armor
40:26 Blast Furnace
40:33 Hoardings
41:03 Caravan
42:16 Bracer
50:28 Squires
Adavi306
5:02 Loom
10:54 Feudal Age
11:31 Double-Bit Axe
20:13 Fishing Lines
23:44 Castle Age
23:59 Forging
24:35 Gillnets
26:03 Bow Saw
27:19 Gold Mining
28:35 Wheelbarrow
27:45 Town Watch
32:09 Imperial Age
29:42 Caravan
31:33 Hand Cart
31:46 Ballistics
31:33 Scale Barding Armor
31:38 Forging
31:19 Fletching
31:29 Padded Archer Armor
31:53 Fletching
32:42 Chain Barding Armor
32:46 Town Patrol
33:57 Plate Barding Armor
33:57 Iron Casting
33:19 Bodkin Arrow
34:27 Chemistry
34:10 Conscription
34:05 Chivalry
34:10 Husbandry
33:58 Cavalier
35:25 Coinage
35:10 Paladin
37:25 Banking
38:11 Blast Furnace
37:12 Padded Archer Armor
38:18 Siege Engineers
Incitatus
0:25 Loom
11:19 Feudal Age
15:30 Castle Age
14:53 Double-Bit Axe
16:57 Fishing Lines
21:47 Gillnets
29:08 Wheelbarrow
29:53 Hand Cart
32:30 Imperial Age
31:35 Bow Saw
32:50 Caravan
34:07 Conscription
33:59 Siege Engineers
34:29 Elite Organ Gun
40:23 Coinage
41:10 Chemistry
42:17 Elite Skirmisher
43:33 Fletching
43:44 Padded Archer Armor
46:14 Bodkin Arrow
Connection lost

Rejoining the realm…

Still unreachable

The connection could not be restored.

Session expired

The server has moved on; the page needs a fresh start.